WCHLSIM.com - West Coast Hockey League
html PUBLIC "-//W3C//DTD XHTML 1.0 Transitional//EN" "http://www.w3.org/TR/xhtml1/DTD/xhtml1-transitional.dtd"> WCHL - Game 347 - KELOWNA ROCKETS vs ANAHEIM OUTLAWS

KELOWNA ROCKETS vs ANAHEIM OUTLAWS

Created - 1 décembre 2023 at 21:22

Goals
1 2 3 T
KELOWNA ROCKETS 3 1 0 4
ANAHEIM OUTLAWS 0 0 0 0
Shots
1 2 3 T
KELOWNA ROCKETS 12 5 13 30
ANAHEIM OUTLAWS 8 2 4 14

1st period

1. KELOWNA ROCKETS , Pavel Dorofeyev 1 (Noah Gregor 3, Erik Brannstrom 8) at 6:09
2. KELOWNA ROCKETS , Pavel Buchnevich 6 (Erik Brannstrom 9, Valeri Nichushkin 4) at 8:50
3. KELOWNA ROCKETS , Tyler Bertuzzi 3 (Vladimir Tarasenko 11, J.T. Compher 15) at 15:59

Penalties :
No Penalty

2nd period

4. KELOWNA ROCKETS , J.T. Compher 10 (Vladimir Tarasenko 12, Tyler Bertuzzi 11) at 6:57

Penalties :
No Penalty

3rd period

No Goal

Penalties :
Morgan Rielly (ANA) for Holding (Minor) at 7:55, Michael Bunting (ANA) for Holding (Minor) at 19:10

Goalie Stats

Alex Stalock (KEL), 14 saves from 14 shots - (1,000), W, 9-5-1, 60:00 minutes
Jacob Markstrom (ANA), 11 saves from 15 shots - (0,733), L, 14-7-1, 26:57 minutes
Mackenzie Blackwood (ANA), 15 saves from 15 shots - (1,000), 33:03 minutes

Players Stats for KELOWNA ROCKETS

Player Name              G  A  P  +/- PIM S  H  SB GA TA FO     MP     PP MP  PK MP  
------------------------------------------------------------------------------------
Adam Fox                 0  0  0   1  0   1  1  1  0  0  0/0    22:59   1:51   0:00 
Anthony DeAngelo         0  0  0   0  0   1  0  0  0  0  0/0    20:38   0:57   0:00 
Auston Matthews          0  0  0   1  0   7  1  0  0  0  14/23  20:35   1:02   0:00 
Calle Jarnkrok           0  0  0   0  0   3  0  0  0  0  0/0    16:32   1:46   0:00 
Derek Ryan               0  0  0   0  0   0  0  0  0  0  10/15  14:46   0:00   0:00 
Dmitri Orlov             0  0  0   1  0   1  1  1  0  0  0/0    23:16   1:51   0:00 
Erik Brannstrom          0  2  2   3  0   0  0  0  0  0  0/0    17:03   0:57   0:00 
J.T. Compher             1  1  2   2  0   2  2  0  0  0  18/26  20:47   1:46   0:00 
Kyle Burroughs           0  0  0   3  0   0  2  2  0  0  0/0    16:06   0:00   0:00 
Lukas Sedlak             0  0  0   1  0   0  0  0  0  0  0/0     3:52   0:00   0:00 
Mark Giordano            0  0  0   0  0   0  0  1  0  0  0/0    19:58   0:00   0:00 
Noah Gregor              0  1  1   1  0   1  0  0  0  0  1/3     3:52   0:00   0:00 
Parker Kelly             0  0  0   0  0   1  3  0  0  0  0/2    14:46   0:00   0:00 
Pavel Buchnevich         1  0  1   1  0   6  0  0  0  0  0/0    19:33   0:00   0:00 
Pavel Dorofeyev          1  0  1   1  0   1  0  0  0  0  0/0     5:38   1:46   0:00 
Tyler Bertuzzi           1  1  2   2  0   3  1  1  0  0  0/0    20:03   1:02   0:00 
Valeri Nichushkin        0  1  1   1  0   0  0  0  0  0  1/2    19:33   0:00   0:00 
Vladimir Tarasenko       0  2  2   2  0   3  1  0  0  0  0/0    20:03   1:02   0:00 

Players Stats for ANAHEIM OUTLAWS

Player Name              G  A  P  +/- PIM S  H  SB GA TA FO     MP     PP MP  PK MP  
------------------------------------------------------------------------------------
Adrian Kempe             0  0  0  -3  0   4  2  0  0  0  5/24   18:14   0:00   0:00 
Carter Verhaeghe         0  0  0  -3  0   2  0  0  0  0  0/1    18:14   0:00   0:00 
David Gustafsson         0  0  0   0  0   0  0  0  0  0  0/0     5:53   0:00   0:00 
Evgeny Kuznetsov         0  0  0   0  0   2  1  0  0  0  16/24  22:44   0:00   0:00 
Henri Jokiharju          0  0  0   0  0   0  2  3  0  0  0/0    19:29   0:00   1:21 
Ian Mitchell             0  0  0  -3  0   0  0  0  0  0  0/0    16:05   0:00   0:18 
Jack Quinn               0  0  0  -1  0   1  0  1  0  0  0/1    15:28   0:00   0:00 
Jacob Trouba             0  0  0  -1  0   1  4  0  0  0  0/0    21:55   0:00   2:06 
Jeff Skinner             0  0  0   0  0   1  0  0  0  0  0/3    19:40   0:00   1:17 
Kent Johnson             0  0  0  -1  0   0  1  0  0  0  1/2    17:19   0:00   1:51 
Kevin Fiala              0  0  0   0  0   1  3  0  0  0  0/1    18:23   0:00   0:00 
Michael Bunting          0  0  0  -3  2   2  1  0  0  0  0/0    19:10   0:00   0:57 
Morgan Rielly            0  0  0  -1  2   0  3  0  0  0  0/0    23:45   0:00   0:29 
Noah Hanifin             0  0  0   0  0   0  5  0  0  0  0/0    22:58   0:00   1:22 
Pierre Engvall           0  0  0   0  0   0  0  0  0  0  0/1     5:07   0:00   0:00 
Pius Suter               0  0  0  -1  0   0  1  0  0  0  5/14   16:59   0:00   1:31 
Rasmus Ristolainen       0  0  0  -3  0   0  0  3  0  0  0/0    15:47   0:00   0:00 
Victor Soderstrom        0  0  0   0  0   0  0  0  0  0  0/0     0:00   0:00   0:00 

3 Stars

1 - J.T. Compher (KEL)
2 - Tyler Bertuzzi (KEL)
3 - Erik Brannstrom (KEL)

Power Play

KELOWNA ROCKETS - 0 on 2 Attempt(s) - 0,00%
ANAHEIM OUTLAWS - 0 on 0 Attempt(s) - 0,00%

Penalty Kill

KELOWNA ROCKETS - 0 on 0 Attempt(s) - 0,00% - Score 0 goal in Penalty Kill
ANAHEIM OUTLAWS - 2 on 2 Attempt(s) - 100,00% - Score 0 goal in Penalty Kill

Team Stat

KELOWNA ROCKETS - Hits : 12 - Faceoff Wins : 44 - Blocked Shots : 6 - Penalty Minutes : 0
ANAHEIM OUTLAWS - Hits : 23 - Faceoff Wins : 27 - Blocked Shots : 7 - Penalty Minutes : 4

Official

Referees : Steve Kozari and Jim Curtin
Linesman : David Brisebois and Libor Suchanek

Game Notes

Mackenzie Blackwood enters game at 6:57 of 2nd period

Finance

Level 1 -- Attendance: 4530 (69,69%) -- Ticket Income 883 350 $
Level 2 -- Attendance: 3639 (66,16%) -- Ticket Income 473 070 $
Level 3 -- Attendance: 2500 (100,00%) -- Ticket Income 225 000 $
Level 4 -- Attendance: 3172 (63,44%) -- Ticket Income 237 900 $
Luxury Box -- Attendance: 677 (67,70%) -- Ticket Income 270 800 $
Game was played at the Bouch Garden.
Total Attendance: 14518 (70,82%)
Total Ticket Income: 2 090 120 $
Other Expense: 20 901 $
Total Income: 2 069 219 $

KELOWNA ROCKETS

5 vs 5 Forward 
   Center                   Left Wing                Right Wing               Time % Phy DF OF 
 1 Auston Matthews          Pavel Buchnevich         Valeri Nichushkin        36     0   2  3  
 2 J.T. Compher             Tyler Bertuzzi           Vladimir Tarasenko       36     0   2  3  
 3 Derek Ryan               Parker Kelly             Calle Jarnkrok           28     0   4  1  
 4 Noah Gregor              Lukas Sedlak             Pavel Dorofeyev          0      0   3  2  

5 vs 5 Defense 
   Defense                  Defense                                           Time % Phy DF OF 
 1 Adam Fox                 Dmitri Orlov                                      37     0   4  1  
 2 Mark Giordano            Anthony DeAngelo                                  35     0   4  1  
 3 Erik Brannstrom          Kyle Burroughs                                    28     0   4  1  
 4 Dmitri Orlov             Mark Giordano                                     0      0   3  2  

PowerPlay Forward 
   Center                   Left Wing                Right Wing               Time % Phy DF OF 
 1 Auston Matthews          Tyler Bertuzzi           Vladimir Tarasenko       60     0   0  5  
 2 J.T. Compher             Pavel Dorofeyev          Calle Jarnkrok           40     0   0  5  

PowerPlay Defense
   Defense                  Defense                                           Time % Phy DF OF 
 1 Adam Fox                 Dmitri Orlov                                      65     0   1  4  
 2 Anthony DeAngelo         Erik Brannstrom                                   35     0   1  4  

Penalty Kill 4 Players Forward 
   Center                   Wing                     Time % Phy DF OF 
 1 J.T. Compher             Pavel Buchnevich         65     0   5  0  
 2 Auston Matthews          Vladimir Tarasenko       35     0   5  0  

Penalty Kill 4 Players Defense
   Defense                  Defense                  Time % Phy DF OF 
 1 Adam Fox                 Mark Giordano            55     0   5  0  
 2 Dmitri Orlov             Anthony DeAngelo         45     0   5  0  

Penalty Kill - 3 Players Forward 
   Forward                                           Time % Phy DF OF 
 1 J.T. Compher                                      60     0   5  0  
 2 Auston Matthews                                   40     0   5  0  

Penalty Kill - 3 Players Defense
   Defense                  Defense                  Time % Phy DF OF 
 1 Adam Fox                 Mark Giordano            55     0   5  0  
 2 Dmitri Orlov             Anthony DeAngelo         45     0   5  0  

4 vs 4 Forward 
   Center                   Wing                     Time % Phy DF OF 
 1 Auston Matthews          Vladimir Tarasenko       55     0   1  4  
 2 J.T. Compher             Pavel Buchnevich         45     0   1  4  

4 vs 4 Defense
   Defense                  Defense                  Time % Phy DF OF 
 1 Adam Fox                 Dmitri Orlov             55     0   2  3  
 2 Mark Giordano            Anthony DeAngelo         45     0   2  3  

Last Minutes Offensive
   Center                   Left Wing                Right Wing               Defense                  Defense                  
   Auston Matthews          Pavel Buchnevich         Vladimir Tarasenko       Adam Fox                 Dmitri Orlov             

Last Minutes Defensive
   Center                   Left Wing                Right Wing               Defense                  Defense                  
   Auston Matthews          J.T. Compher             Pavel Buchnevich         Adam Fox                 Dmitri Orlov             

Goaltenders
Starting : Alex Stalock             
Backup : Craig Anderson           

Extra Forwards
Normal : Auston Matthews, Pavel Buchnevich, Vladimir Tarasenko - PP : Pavel Dorofeyev, Pavel Buchnevich - PK : Calle Jarnkrok
Extra Defensemen
Normal : Anthony DeAngelo, Dmitri Orlov, Mark Giordano - PP : Mark Giordano - PK : Kyle Burroughs, Erik Brannstrom
Penalty Shots
Auston Matthews, Vladimir Tarasenko, Pavel Buchnevich, Calle Jarnkrok, Tyler Bertuzzi
Custom OT Lines Forwards
Auston Matthews, Pavel Buchnevich, J.T. Compher, Vladimir Tarasenko, Derek Ryan, Tyler Bertuzzi, Noah Gregor, Calle Jarnkrok, Lukas Sedlak, Pavel Dorofeyev
Custom OT Lines Defensemen
Adam Fox, Mark Giordano, Dmitri Orlov, Anthony DeAngelo, Kyle Burroughs

Scratches
Pavel Francouz (Healthy)

ANAHEIM OUTLAWS

5 vs 5 Forward 
   Center                   Left Wing                Right Wing               Time % Phy DF OF 
 1 Evgeny Kuznetsov         Jeff Skinner             Kevin Fiala              36     1   2  2  
 2 Adrian Kempe             Michael Bunting          Carter Verhaeghe         31     1   2  2  
 3 Pius Suter               Kent Johnson             Jack Quinn               23     1   2  2  
 4 Evgeny Kuznetsov         Pierre Engvall           David Gustafsson         10     1   2  2  

5 vs 5 Defense 
   Defense                  Defense                                           Time % Phy DF OF 
 1 Jacob Trouba             Morgan Rielly                                     36     1   2  2  
 2 Noah Hanifin             Henri Jokiharju                                   31     1   2  2  
 3 Rasmus Ristolainen       Ian Mitchell                                      23     1   2  2  
 4 Noah Hanifin             Morgan Rielly                                     10     1   2  2  

PowerPlay Forward 
   Center                   Left Wing                Right Wing               Time % Phy DF OF 
 1 Pius Suter               Jeff Skinner             Kent Johnson             55     1   2  2  
 2 Evgeny Kuznetsov         Michael Bunting          Kevin Fiala              45     1   2  2  

PowerPlay Defense
   Defense                  Defense                                           Time % Phy DF OF 
 1 Jacob Trouba             Morgan Rielly                                     55     1   2  2  
 2 Noah Hanifin             Henri Jokiharju                                   45     1   2  2  

Penalty Kill 4 Players Forward 
   Center                   Wing                     Time % Phy DF OF 
 1 Kent Johnson             Pius Suter               55     1   2  2  
 2 Jeff Skinner             Michael Bunting          45     1   2  2  

Penalty Kill 4 Players Defense
   Defense                  Defense                  Time % Phy DF OF 
 1 Jacob Trouba             Morgan Rielly            55     1   2  2  
 2 Noah Hanifin             Henri Jokiharju          45     1   2  2  

Penalty Kill - 3 Players Forward 
   Forward                                           Time % Phy DF OF 
 1 Pius Suter                                        55     1   2  2  
 2 Michael Bunting                                   45     1   2  2  

Penalty Kill - 3 Players Defense
   Defense                  Defense                  Time % Phy DF OF 
 1 Rasmus Ristolainen       Morgan Rielly            55     1   2  2  
 2 Noah Hanifin             Henri Jokiharju          45     1   2  2  

4 vs 4 Forward 
   Center                   Wing                     Time % Phy DF OF 
 1 Kevin Fiala              Pius Suter               55     1   2  2  
 2 Kent Johnson             Michael Bunting          45     1   2  2  

4 vs 4 Defense
   Defense                  Defense                  Time % Phy DF OF 
 1 Jacob Trouba             Morgan Rielly            55     1   2  2  
 2 Noah Hanifin             Henri Jokiharju          45     1   2  2  

Last Minutes Offensive
   Center                   Left Wing                Right Wing               Defense                  Defense                  
   Evgeny Kuznetsov         Kevin Fiala              Jeff Skinner             Jacob Trouba             Morgan Rielly            

Last Minutes Defensive
   Center                   Left Wing                Right Wing               Defense                  Defense                  
   Evgeny Kuznetsov         Kevin Fiala              Jeff Skinner             Jacob Trouba             Morgan Rielly            

Goaltenders
Starting : Jacob Markstrom          
Backup : Mackenzie Blackwood      

Extra Forwards
Normal : Pius Suter, Michael Bunting, Kent Johnson - PP : Pius Suter, Kent Johnson - PK : Kent Johnson
Extra Defensemen
Normal : Morgan Rielly, Noah Hanifin, Henri Jokiharju - PP : Morgan Rielly - PK : Noah Hanifin, Morgan Rielly
Penalty Shots
Kent Johnson, Kevin Fiala, Pius Suter, Michael Bunting, Jeff Skinner
Custom OT Lines Forwards
Evgeny Kuznetsov, Kevin Fiala, Jeff Skinner, Michael Bunting, Adrian Kempe, Carter Verhaeghe, Pius Suter, Pierre Engvall, Kent Johnson, Jack Quinn
Custom OT Lines Defensemen
Rasmus Ristolainen, Morgan Rielly, Noah Hanifin, Henri Jokiharju, Jacob Trouba

Scratches
Michael Rasmussen (Broken Left Thumb Injury)

% Time on Ice - KELOWNA ROCKETS

Lines # - Real PCT - Wanted PCT - Time Play
Normal Forward
1 - 34% - 36% - 19:33
2 - 33% - 36% - 19:01
3 - 26% - 28% - 14:46
4 - 7% - 0% - 3:52
Normal Defense
1 - 37% - 37% - 21:08
2 - 34% - 35% - 19:41
3 - 28% - 28% - 16:06
4 - 0% - 0% - 0:17
PP Forward
1 - 37% - 60% - 1:02
2 - 63% - 40% - 1:46
PP Defense
1 - 66% - 65% - 1:51
2 - 34% - 35% - 0:57
PK Forward
1 - 0% - 65%
2 - 0% - 35%
PK Defense
1 - 0% - 55%
2 - 0% - 45%
PK3 Forward
1 - 0% - 60%
2 - 0% - 40%
PK3 Defense
1 - 0% - 55%
2 - 0% - 45%
44 Forward
1 - 0% - 55%
2 - 0% - 45%
44 Defense
1 - 0% - 55%
2 - 0% - 45%
Last Minute Offensive  - 0:00
Last Minute Defensive  - 0:00
Total
Forward - 60:00
Defense - 60:00

% Time on Ice - ANAHEIM OUTLAWS

Lines # - Real PCT - Wanted PCT - Time Play
Normal Forward
1 - 32% - 36% - 18:23
2 - 32% - 31% - 18:14
3 - 27% - 23% - 15:28
4 - 9% - 10% - 5:07
Normal Defense
1 - 33% - 36% - 18:38
2 - 32% - 31% - 18:08
3 - 28% - 23% - 15:47
4 - 8% - 10% - 4:39
PP Forward
1 - 0% - 55%
2 - 0% - 45%
PP Defense
1 - 0% - 55%
2 - 0% - 45%
PK Forward
1 - 54% - 55% - 1:31
2 - 46% - 45% - 1:17
PK Defense
1 - 82% - 55% - 2:18
2 - 18% - 45% - 0:30
PK3 Forward
1 - 0% - 55%
2 - 0% - 45%
PK3 Defense
1 - 0% - 55%
2 - 0% - 45%
44 Forward
1 - 0% - 55%
2 - 0% - 45%
44 Defense
1 - 0% - 55%
2 - 0% - 45%
Last Minute Offensive  - 0:00
Last Minute Defensive  - 0:00
Total
Forward - 60:00
Defense - 60:00

Play-by-Play

1st period


0:01 of 1st period - Auston Matthews wins face-off versus Evgeny Kuznetsov in neutral zone.
0:22 of 1st period - Shot by Kevin Fiala.
0:22 of 1st period - Shot Misses the Net.
0:32 of 1st period - Shot by Jeff Skinner.
0:32 of 1st period - Shot Misses the Net.
0:44 of 1st period - Shot by Jeff Skinner.
0:44 of 1st period - Stopped by Alex Stalock without a rebound.
0:45 of 1st period - J.T. Compher wins face-off versus Adrian Kempe in KELOWNA ROCKETS zone.
0:45 of 1st period - Vladimir Tarasenko is hit by Adrian Kempe and loses puck.
0:54 of 1st period - Shot by Carter Verhaeghe.
0:54 of 1st period - Shot Misses the Net.
0:56 of 1st period - Shot by Henri Jokiharju.
0:56 of 1st period - Shot Misses the Net.
1:00 of 1st period - Shot by Carter Verhaeghe.
1:00 of 1st period - Stopped by Alex Stalock without a rebound.
1:01 of 1st period - Derek Ryan wins face-off versus Pius Suter in KELOWNA ROCKETS zone.
2:08 of 1st period - Shot by J.T. Compher.
2:08 of 1st period - Deflect By Vladimir Tarasenko.
2:08 of 1st period - Stopped by Jacob Markstrom without a rebound.
2:09 of 1st period - Auston Matthews wins face-off versus Adrian Kempe in ANAHEIM OUTLAWS zone.
2:49 of 1st period - Shot by Adrian Kempe.
2:49 of 1st period - Stopped by Alex Stalock without a rebound.
2:50 of 1st period - J.T. Compher wins face-off versus Evgeny Kuznetsov in KELOWNA ROCKETS zone.
3:05 of 1st period - Shot by Tyler Bertuzzi.
3:05 of 1st period - Stopped by Jacob Markstrom with a rebound.
3:10 of 1st period - Off-side.
3:11 of 1st period - Evgeny Kuznetsov wins face-off versus Derek Ryan in neutral zone.
3:11 of 1st period - Evgeny Kuznetsov is hit by Parker Kelly.
3:51 of 1st period - Shot by Kevin Fiala.
3:51 of 1st period - Shot Misses the Net.
5:35 of 1st period - Shot by Pavel Buchnevich.
5:35 of 1st period - Stopped by Jacob Markstrom with a rebound.
5:55 of 1st period - Icing by Lukas Sedlak.
5:56 of 1st period - Noah Gregor wins face-off versus Adrian Kempe in KELOWNA ROCKETS zone.
6:09 of 1st period - Shot by Noah Gregor.
6:09 of 1st period - Deflect By Pavel Dorofeyev.
6:09 of 1st period - Goal by Pavel Dorofeyev - KELOWNA ROCKETS : 1 - ANAHEIM OUTLAWS : 0.
6:10 of 1st period - J.T. Compher wins face-off versus Pius Suter in neutral zone.
6:13 of 1st period - Shot by Vladimir Tarasenko.
6:13 of 1st period - Shot Misses the Net.
7:28 of 1st period - Icing by Dmitri Orlov.
7:29 of 1st period - Adrian Kempe wins face-off versus Derek Ryan in KELOWNA ROCKETS zone.
7:39 of 1st period - Icing by Dmitri Orlov.
7:40 of 1st period - Derek Ryan wins face-off versus Pius Suter in KELOWNA ROCKETS zone.
7:57 of 1st period - Shot by Calle Jarnkrok.
7:57 of 1st period - Stopped by Jacob Markstrom with a rebound.
8:16 of 1st period - Off-side.
8:17 of 1st period - Auston Matthews wins face-off versus Adrian Kempe in neutral zone.
8:26 of 1st period - Shot by Auston Matthews.
8:26 of 1st period - Stopped by Jacob Markstrom without a rebound.
8:27 of 1st period - Auston Matthews wins face-off versus Adrian Kempe in ANAHEIM OUTLAWS zone.
8:30 of 1st period - Shot by Pavel Buchnevich.
8:30 of 1st period - Stopped by Jacob Markstrom without a rebound.
8:31 of 1st period - Auston Matthews wins face-off versus Adrian Kempe in ANAHEIM OUTLAWS zone.
8:42 of 1st period - Shot by Auston Matthews.
8:42 of 1st period - Stopped by Jacob Markstrom with a rebound.
8:44 of 1st period - Shot by Valeri Nichushkin.
8:44 of 1st period - Shot Misses the Net.
8:46 of 1st period - Shot by Valeri Nichushkin.
8:46 of 1st period - Shot Blocked by Rasmus Ristolainen.
8:50 of 1st period - Shot by Pavel Buchnevich.
8:50 of 1st period - Goal by Pavel Buchnevich - KELOWNA ROCKETS : 2 - ANAHEIM OUTLAWS : 0.
8:51 of 1st period - J.T. Compher wins face-off versus Evgeny Kuznetsov in neutral zone.
8:55 of 1st period - Anthony DeAngelo is hit by Morgan Rielly and loses puck.
9:11 of 1st period - Icing by Morgan Rielly.
9:12 of 1st period - Auston Matthews wins face-off versus Evgeny Kuznetsov in ANAHEIM OUTLAWS zone.
9:29 of 1st period - Evgeny Kuznetsov is hit by Kyle Burroughs.
9:36 of 1st period - Icing by Erik Brannstrom.
9:37 of 1st period - Auston Matthews wins face-off versus Adrian Kempe in KELOWNA ROCKETS zone.
9:47 of 1st period - Shot by Carter Verhaeghe.
9:47 of 1st period - Shot Blocked by Kyle Burroughs.
9:49 of 1st period - Shot by Adrian Kempe.
9:49 of 1st period - Shot Misses the Net.
9:59 of 1st period - Shot by Adrian Kempe.
9:59 of 1st period - Stopped by Alex Stalock without a rebound.
10:00 of 1st period - J.T. Compher wins face-off versus Pius Suter in KELOWNA ROCKETS zone.
10:58 of 1st period - Off-side.
10:59 of 1st period - Evgeny Kuznetsov wins face-off versus Derek Ryan in neutral zone.
11:02 of 1st period - Shot by Kevin Fiala.
11:02 of 1st period - Stopped by Alex Stalock without a rebound.
11:03 of 1st period - Derek Ryan wins face-off versus Jeff Skinner in KELOWNA ROCKETS zone.
11:03 of 1st period - Derek Ryan is hit by Kevin Fiala.
11:06 of 1st period - Anthony DeAngelo is hit by Kevin Fiala and loses puck.
11:17 of 1st period - Shot by Evgeny Kuznetsov.
11:17 of 1st period - Stopped by Alex Stalock without a rebound.
11:18 of 1st period - Adrian Kempe wins face-off versus Auston Matthews in KELOWNA ROCKETS zone.
11:19 of 1st period - Shot by Carter Verhaeghe.
11:19 of 1st period - Shot Misses the Net.
11:25 of 1st period - Shot by Adrian Kempe.
11:25 of 1st period - Stopped by Alex Stalock without a rebound.
11:26 of 1st period - Auston Matthews wins face-off versus Adrian Kempe in KELOWNA ROCKETS zone.
11:26 of 1st period - Auston Matthews is hit by Michael Bunting.
11:42 of 1st period - Valeri Nichushkin is hit by Adrian Kempe and loses puck.
12:31 of 1st period - Shot by Jeff Skinner.
12:31 of 1st period - Shot Misses the Net.
12:44 of 1st period - Icing by Noah Hanifin.
12:45 of 1st period - Evgeny Kuznetsov wins face-off versus J.T. Compher in ANAHEIM OUTLAWS zone.
14:46 of 1st period - Icing by Rasmus Ristolainen.
14:47 of 1st period - J.T. Compher wins face-off versus Adrian Kempe in ANAHEIM OUTLAWS zone.
15:00 of 1st period - Shot by Adrian Kempe.
15:00 of 1st period - Stopped by Alex Stalock without a rebound.
15:01 of 1st period - Evgeny Kuznetsov wins face-off versus Auston Matthews in KELOWNA ROCKETS zone.
15:59 of 1st period - Shot by Vladimir Tarasenko.
15:59 of 1st period - Deflect By Tyler Bertuzzi.
15:59 of 1st period - Goal by Tyler Bertuzzi - KELOWNA ROCKETS : 3 - ANAHEIM OUTLAWS : 0.
16:00 of 1st period - J.T. Compher wins face-off versus Jack Quinn in neutral zone.
16:15 of 1st period - Icing by Ian Mitchell.
16:16 of 1st period - Pius Suter wins face-off versus Derek Ryan in ANAHEIM OUTLAWS zone.
16:32 of 1st period - Pius Suter is hit by Kyle Burroughs and loses puck.
17:03 of 1st period - Off-side.
17:04 of 1st period - Adrian Kempe wins face-off versus J.T. Compher in neutral zone.
18:06 of 1st period - Icing by Auston Matthews.
18:07 of 1st period - Evgeny Kuznetsov wins face-off versus Auston Matthews in KELOWNA ROCKETS zone.
18:08 of 1st period - Shot by Jeff Skinner.
18:08 of 1st period - Shot Misses the Net.
18:15 of 1st period - Auston Matthews is hit by Noah Hanifin and loses puck.
18:28 of 1st period - Icing by Noah Hanifin.
18:29 of 1st period - Evgeny Kuznetsov wins face-off versus Parker Kelly in ANAHEIM OUTLAWS zone.
18:42 of 1st period - Shot by Derek Ryan.
18:42 of 1st period - Shot Misses the Net.
18:44 of 1st period - Shot by Erik Brannstrom.
18:44 of 1st period - Deflect By Calle Jarnkrok.
18:44 of 1st period - Shot Misses the Net.
18:52 of 1st period - Shot by Calle Jarnkrok.
18:52 of 1st period - Deflect By Derek Ryan.
18:52 of 1st period - Shot Blocked by Henri Jokiharju.
18:54 of 1st period - Shot by Parker Kelly.
18:54 of 1st period - Stopped by Jacob Markstrom without a rebound.
18:55 of 1st period - Pius Suter wins face-off versus J.T. Compher in ANAHEIM OUTLAWS zone.
19:00 of 1st period - Shot by Kent Johnson.
19:00 of 1st period - Shot Blocked by Tyler Bertuzzi.
19:18 of 1st period - Shot by J.T. Compher.
19:18 of 1st period - Shot Misses the Net.
19:20 of 1st period - Shot by J.T. Compher.
19:20 of 1st period - Deflect By Tyler Bertuzzi.
19:20 of 1st period - Stopped by Jacob Markstrom without a rebound.
19:21 of 1st period - Valeri Nichushkin wins face-off versus Adrian Kempe in ANAHEIM OUTLAWS zone.
19:22 of 1st period - Shot by Pavel Buchnevich.
19:22 of 1st period - Shot Misses the Net.
Goals for this period are 3 for KELOWNA ROCKETS vs 0 for ANAHEIM OUTLAWS.
Shots for this period are 12 for KELOWNA ROCKETS vs 8 for ANAHEIM OUTLAWS.

2nd period


0:01 of 2nd period - Evgeny Kuznetsov wins face-off versus J.T. Compher in neutral zone.
0:20 of 2nd period - Tyler Bertuzzi is hit by Jacob Trouba and loses puck.
0:30 of 2nd period - J.T. Compher is hit by Morgan Rielly and loses puck.
0:54 of 2nd period - Icing by Jacob Trouba.
0:55 of 2nd period - Derek Ryan wins face-off versus Jeff Skinner in ANAHEIM OUTLAWS zone.
1:35 of 2nd period - Shot by Adrian Kempe.
1:35 of 2nd period - Shot Misses the Net.
2:16 of 2nd period - Shot by Auston Matthews.
2:16 of 2nd period - Stopped by Jacob Markstrom without a rebound.
2:17 of 2nd period - Pius Suter wins face-off versus J.T. Compher in ANAHEIM OUTLAWS zone.
2:22 of 2nd period - Jack Quinn is hit by Vladimir Tarasenko.
2:48 of 2nd period - Shot by Vladimir Tarasenko.
2:48 of 2nd period - Shot Misses the Net.
2:50 of 2nd period - Shot by Dmitri Orlov.
2:50 of 2nd period - Shot Blocked by Rasmus Ristolainen.
3:08 of 2nd period - Adam Fox is hit by Pius Suter and loses puck.
3:37 of 2nd period - Shot by Auston Matthews.
3:37 of 2nd period - Stopped by Jacob Markstrom without a rebound.
3:38 of 2nd period - Evgeny Kuznetsov wins face-off versus Noah Gregor in ANAHEIM OUTLAWS zone.
3:47 of 2nd period - Shot by Jeff Skinner.
3:47 of 2nd period - Shot Blocked by Kyle Burroughs.
4:04 of 2nd period - Noah Gregor is hit by Jacob Trouba and loses puck.
4:40 of 2nd period - Shot by Auston Matthews.
4:40 of 2nd period - Shot Misses the Net.
4:42 of 2nd period - Shot by Auston Matthews.
4:42 of 2nd period - Shot Misses the Net.
4:44 of 2nd period - Shot by Anthony DeAngelo.
4:44 of 2nd period - Shot Misses the Net.
5:04 of 2nd period - Pavel Buchnevich is hit by Evgeny Kuznetsov and loses puck.
5:27 of 2nd period - Icing by Dmitri Orlov.
5:28 of 2nd period - Derek Ryan wins face-off versus Adrian Kempe in KELOWNA ROCKETS zone.
5:50 of 2nd period - Michael Bunting is hit by Parker Kelly and loses puck.
6:53 of 2nd period - Shot by J.T. Compher.
6:53 of 2nd period - Shot Blocked by Jack Quinn.
6:55 of 2nd period - Shot by J.T. Compher.
6:55 of 2nd period - Shot Blocked by Rasmus Ristolainen.
6:57 of 2nd period - Shot by Vladimir Tarasenko.
6:57 of 2nd period - Deflect By J.T. Compher.
6:57 of 2nd period - Goal by J.T. Compher - KELOWNA ROCKETS : 4 - ANAHEIM OUTLAWS : 0.
6:57 of 2nd period - Mackenzie Blackwood enters game.
6:58 of 2nd period - Auston Matthews wins face-off versus Pierre Engvall in neutral zone.
7:15 of 2nd period - Valeri Nichushkin is hit by Henri Jokiharju and loses puck.
7:21 of 2nd period - Shot by Auston Matthews.
7:21 of 2nd period - Deflect By Pavel Buchnevich.
7:21 of 2nd period - Shot Blocked by Henri Jokiharju.
7:36 of 2nd period - Pavel Buchnevich is hit by Henri Jokiharju and loses puck.
7:43 of 2nd period - Shot by Pavel Buchnevich.
7:43 of 2nd period - Shot Misses the Net.
7:45 of 2nd period - Shot by Pavel Buchnevich.
7:45 of 2nd period - Shot Misses the Net.
8:00 of 2nd period - Icing by Erik Brannstrom.
8:01 of 2nd period - J.T. Compher wins face-off versus Adrian Kempe in KELOWNA ROCKETS zone.
8:10 of 2nd period - Shot by J.T. Compher.
8:10 of 2nd period - Shot Misses the Net.
8:58 of 2nd period - Jack Quinn is hit by J.T. Compher.
10:33 of 2nd period - Shot by Auston Matthews.
10:33 of 2nd period - Shot Misses the Net.
11:25 of 2nd period - Shot by Kevin Fiala.
11:25 of 2nd period - Shot Misses the Net.
11:27 of 2nd period - Shot by Noah Hanifin.
11:27 of 2nd period - Shot Misses the Net.
12:47 of 2nd period - Shot by Michael Bunting.
12:47 of 2nd period - Stopped by Alex Stalock without a rebound.
12:48 of 2nd period - Evgeny Kuznetsov wins face-off versus Auston Matthews in KELOWNA ROCKETS zone.
14:24 of 2nd period - Shot by J.T. Compher.
14:24 of 2nd period - Stopped by Mackenzie Blackwood with a rebound.
14:46 of 2nd period - Jacob Trouba is hit by J.T. Compher and loses puck.
17:07 of 2nd period - Noah Hanifin is hit by Auston Matthews.
17:18 of 2nd period - Off-side.
17:19 of 2nd period - Evgeny Kuznetsov wins face-off versus Auston Matthews in neutral zone.
17:36 of 2nd period - Shot by Jeff Skinner.
17:36 of 2nd period - Deflect By Kevin Fiala.
17:36 of 2nd period - Shot Misses the Net.
18:44 of 2nd period - Icing by Kyle Burroughs.
18:45 of 2nd period - Evgeny Kuznetsov wins face-off versus J.T. Compher in KELOWNA ROCKETS zone.
19:09 of 2nd period - Icing by J.T. Compher.
19:10 of 2nd period - J.T. Compher wins face-off versus Adrian Kempe in KELOWNA ROCKETS zone.
19:15 of 2nd period - Shot by Vladimir Tarasenko.
19:15 of 2nd period - Stopped by Mackenzie Blackwood without a rebound.
19:16 of 2nd period - Auston Matthews wins face-off versus Pius Suter in ANAHEIM OUTLAWS zone.
19:47 of 2nd period - Shot by Kent Johnson.
19:47 of 2nd period - Deflect By Jack Quinn.
19:47 of 2nd period - Stopped by Alex Stalock with a rebound.
19:49 of 2nd period - Shot by Pius Suter.
19:49 of 2nd period - Shot Blocked by Mark Giordano.
Goals for this period are 1 for KELOWNA ROCKETS vs 0 for ANAHEIM OUTLAWS.
Shots for this period are 5 for KELOWNA ROCKETS vs 2 for ANAHEIM OUTLAWS.

3rd period


0:01 of 3rd period - J.T. Compher wins face-off versus Evgeny Kuznetsov in neutral zone.
0:14 of 3rd period - Shot by Vladimir Tarasenko.
0:14 of 3rd period - Stopped by Mackenzie Blackwood without a rebound.
0:15 of 3rd period - Derek Ryan wins face-off versus Adrian Kempe in ANAHEIM OUTLAWS zone.
0:15 of 3rd period - Anthony DeAngelo is hit by Noah Hanifin and loses puck.
0:18 of 3rd period - Shot by Derek Ryan.
0:18 of 3rd period - Shot Misses the Net.
0:43 of 3rd period - Parker Kelly is hit by Noah Hanifin and loses puck.
0:48 of 3rd period - Shot by Calle Jarnkrok.
0:48 of 3rd period - Stopped by Mackenzie Blackwood with a rebound.
1:01 of 3rd period - Icing by Henri Jokiharju.
1:02 of 3rd period - J.T. Compher wins face-off versus Adrian Kempe in ANAHEIM OUTLAWS zone.
1:25 of 3rd period - Vladimir Tarasenko is hit by Noah Hanifin and loses puck.
2:21 of 3rd period - Shot by Auston Matthews.
2:21 of 3rd period - Stopped by Mackenzie Blackwood without a rebound.
2:22 of 3rd period - Derek Ryan wins face-off versus Pius Suter in ANAHEIM OUTLAWS zone.
2:27 of 3rd period - Shot by Calle Jarnkrok.
2:27 of 3rd period - Stopped by Mackenzie Blackwood without a rebound.
2:28 of 3rd period - Evgeny Kuznetsov wins face-off versus Derek Ryan in ANAHEIM OUTLAWS zone.
2:28 of 3rd period - Evgeny Kuznetsov is hit by Parker Kelly.
2:38 of 3rd period - Off-side.
2:39 of 3rd period - Auston Matthews wins face-off versus Evgeny Kuznetsov in neutral zone.
2:39 of 3rd period - Pavel Buchnevich is hit by Kevin Fiala and loses puck.
2:51 of 3rd period - Pavel Buchnevich is hit by Jacob Trouba and loses puck.
3:27 of 3rd period - Evgeny Kuznetsov is hit by Dmitri Orlov and loses puck.
4:05 of 3rd period - Off-side.
4:06 of 3rd period - J.T. Compher wins face-off versus Carter Verhaeghe in neutral zone.
5:33 of 3rd period - Off-side.
5:34 of 3rd period - Evgeny Kuznetsov wins face-off versus Noah Gregor in neutral zone.
6:07 of 3rd period - Shot by Jeff Skinner.
6:07 of 3rd period - Shot Misses the Net.
6:09 of 3rd period - Shot by Jacob Trouba.
6:09 of 3rd period - Stopped by Alex Stalock with a rebound.
6:11 of 3rd period - Shot by Evgeny Kuznetsov.
6:11 of 3rd period - Stopped by Alex Stalock with a rebound.
6:37 of 3rd period - Shot by Carter Verhaeghe.
6:37 of 3rd period - Stopped by Alex Stalock without a rebound.
6:38 of 3rd period - Pius Suter wins face-off versus Parker Kelly in KELOWNA ROCKETS zone.
7:19 of 3rd period - Icing by Dmitri Orlov.
7:20 of 3rd period - Derek Ryan wins face-off versus Adrian Kempe in KELOWNA ROCKETS zone.
7:40 of 3rd period - Shot by Adrian Kempe.
7:40 of 3rd period - Shot Misses the Net.
7:42 of 3rd period - Shot by Adrian Kempe.
7:42 of 3rd period - Deflect By Michael Bunting.
7:42 of 3rd period - Stopped by Alex Stalock without a rebound.
7:43 of 3rd period - Evgeny Kuznetsov wins face-off versus Auston Matthews in KELOWNA ROCKETS zone.
7:50 of 3rd period - Shot by Pavel Buchnevich.
7:50 of 3rd period - Deflect By Auston Matthews.
7:50 of 3rd period - Stopped by Mackenzie Blackwood without a rebound.
7:51 of 3rd period - J.T. Compher wins face-off versus Evgeny Kuznetsov in ANAHEIM OUTLAWS zone.
7:51 of 3rd period - Anthony DeAngelo is hit by Morgan Rielly and loses puck.
7:55 of 3rd period - Minor Penalty to Morgan Rielly for Holding.
7:56 of 3rd period - Kent Johnson wins face-off versus Auston Matthews in ANAHEIM OUTLAWS zone.
7:56 of 3rd period - Noah Hanifin is hit by Tyler Bertuzzi and loses puck.
8:19 of 3rd period - Shot by Auston Matthews.
8:19 of 3rd period - Shot Misses the Net.
9:11 of 3rd period - Shot by Anthony DeAngelo.
9:11 of 3rd period - Stopped by Mackenzie Blackwood without a rebound.
9:12 of 3rd period - J.T. Compher wins face-off versus Jeff Skinner in ANAHEIM OUTLAWS zone.
10:11 of 3rd period - Shot by Auston Matthews.
10:11 of 3rd period - Stopped by Mackenzie Blackwood without a rebound.
10:12 of 3rd period - Evgeny Kuznetsov wins face-off versus J.T. Compher in ANAHEIM OUTLAWS zone.
10:44 of 3rd period - Kevin Fiala is hit by Adam Fox and loses puck.
11:01 of 3rd period - Icing by Morgan Rielly.
11:02 of 3rd period - Auston Matthews wins face-off versus Evgeny Kuznetsov in ANAHEIM OUTLAWS zone.
11:11 of 3rd period - Shot by Pavel Buchnevich.
11:11 of 3rd period - Shot Misses the Net.
11:35 of 3rd period - Shot by Pavel Buchnevich.
11:35 of 3rd period - Stopped by Mackenzie Blackwood without a rebound.
11:36 of 3rd period - Derek Ryan wins face-off versus Adrian Kempe in ANAHEIM OUTLAWS zone.
13:45 of 3rd period - Off-side.
13:46 of 3rd period - Evgeny Kuznetsov wins face-off versus J.T. Compher in neutral zone.
13:53 of 3rd period - Shot by Jacob Trouba.
13:53 of 3rd period - Shot Blocked by Dmitri Orlov.
13:57 of 3rd period - Shot by Evgeny Kuznetsov.
13:57 of 3rd period - Shot Blocked by Adam Fox.
13:59 of 3rd period - Shot by Jacob Trouba.
13:59 of 3rd period - Shot Misses the Net.
15:17 of 3rd period - Calle Jarnkrok is hit by Noah Hanifin and loses puck.
15:50 of 3rd period - Shot by Noah Gregor.
15:50 of 3rd period - Stopped by Mackenzie Blackwood without a rebound.
15:51 of 3rd period - Auston Matthews wins face-off versus Adrian Kempe in ANAHEIM OUTLAWS zone.
15:52 of 3rd period - Shot by Pavel Buchnevich.
15:52 of 3rd period - Stopped by Mackenzie Blackwood without a rebound.
15:53 of 3rd period - Adrian Kempe wins face-off versus Auston Matthews in ANAHEIM OUTLAWS zone.
16:05 of 3rd period - Off-side.
16:06 of 3rd period - J.T. Compher wins face-off versus Pius Suter in neutral zone.
16:09 of 3rd period - Shot by Vladimir Tarasenko.
16:09 of 3rd period - Deflect By J.T. Compher.
16:09 of 3rd period - Shot Misses the Net.
16:18 of 3rd period - Icing by Kent Johnson.
16:19 of 3rd period - Pius Suter wins face-off versus Valeri Nichushkin in ANAHEIM OUTLAWS zone.
16:38 of 3rd period - Shot by Pavel Buchnevich.
16:38 of 3rd period - Stopped by Mackenzie Blackwood without a rebound.
16:39 of 3rd period - J.T. Compher wins face-off versus Adrian Kempe in ANAHEIM OUTLAWS zone.
17:20 of 3rd period - Vladimir Tarasenko is hit by Jacob Trouba and loses puck.
17:42 of 3rd period - Icing by Dmitri Orlov.
17:43 of 3rd period - Derek Ryan wins face-off versus Pius Suter in KELOWNA ROCKETS zone.
17:43 of 3rd period - Derek Ryan is hit by Kent Johnson.
18:16 of 3rd period - Shot by Calle Jarnkrok.
18:16 of 3rd period - Shot Blocked by Henri Jokiharju.
18:18 of 3rd period - Shot by Parker Kelly.
18:18 of 3rd period - Shot Misses the Net.
18:20 of 3rd period - Shot by Adam Fox.
18:20 of 3rd period - Stopped by Mackenzie Blackwood without a rebound.
18:21 of 3rd period - Auston Matthews wins face-off versus Kevin Fiala in ANAHEIM OUTLAWS zone.
18:59 of 3rd period - Icing by Kyle Burroughs.
19:00 of 3rd period - Adrian Kempe wins face-off versus Auston Matthews in KELOWNA ROCKETS zone.
19:10 of 3rd period - Minor Penalty to Michael Bunting for Holding.
19:11 of 3rd period - J.T. Compher wins face-off versus Kent Johnson in ANAHEIM OUTLAWS zone.
19:12 of 3rd period - Shot by Dmitri Orlov.
19:12 of 3rd period - Stopped by Mackenzie Blackwood without a rebound.
19:13 of 3rd period - J.T. Compher wins face-off versus Pius Suter in ANAHEIM OUTLAWS zone.
Goals for this period are 0 for KELOWNA ROCKETS vs 0 for ANAHEIM OUTLAWS.
Shots for this period are 13 for KELOWNA ROCKETS vs 4 for ANAHEIM OUTLAWS.


BLAKE
WHEELER
STEVEN
STAMKOS
DREW
DOUGHTY

EAST COAST

HOCKEY LEAGUE

  • 63.RHI2PIT5
  • 64.WOR4ATL3
  • 65.QUECHW
  • 66.CHATRV